 Dungeon Crawl Stone Soup version 0.17.1-3-g152610e (webtiles) character file.

96 ololoev the Chopper (level 4, 22/39 HPs)
             Began as a Hill Orc Fighter on Mar 18, 2016.
             Was a Follower of Fedhas.
             Quit the game on level 3 of the Dungeon.
             The game lasted 00:02:49 (513 turns).

ololoev the Chopper (Hill Orc Fighter)               Turns: 513, Time: 00:02:49

Health: 22/39      AC:  7    Str: 24    XL:     4   Next: 67%
Magic:  4/4        EV:  9    Int:  8    God:    Fedhas [*.....]
Gold:   53         SH:  0    Dex: 10    Spells: 0 memorised, 3 levels left

rFire  . . .     SeeInvis .     a - +0 war axe
rCold  . . .     Clarity  .     b - +0 scale mail
rNeg   . . .     SustAt   .     (no shield)
rPois  .         Gourm    .     (no helmet)
rElec  .         Spirit   .     (no cloak)
rCorr  .         Warding  .     (no gloves)
rMut   .         Stasis   .     (no boots)
MR     .....                    (no amulet)
Stlth  ..........               (no ring)
                                (no ring)

@: mighty, not resistant to hostile enchantments, extremely unstealthy
A: no striking features
a: Evolution, Renounce Religion

Inventory:

Hand Weapons
 a - a +0 war axe (weapon)
Armour
 b - a +0 scale mail (worn)
Scrolls
 c - 3 scrolls of amnesia {unknown}
 f - a scroll of enchant armour {unknown}
Potions
 d - a potion of curing {unknown}
Comestibles
 e - a bread ration
 g - a royal jelly
 h - 3 chunks of flesh


   Skills:
 - Level 3.6 Fighting
 * Level 5.3 Axes
 + Level 4.2 Armour
   Level 3.2 Shields


You had 3 spell levels left.
You didn't know any spells.


You were on level 3 of the Dungeon.
You worshipped Fedhas.
Fedhas was aware of your devotion.
You were not hungry.

You visited 1 branch of the dungeon, and saw 3 of its levels.

You collected 53 gold pieces.

#........# #...
#........# #...
##........# #...
#.........# #...
#.........# #...
#...8.....# ##...
#..8.8....# ##...<
##.8._.8?..## #.....
#..@8.8.........#... .##
#...)8).....### #...
...# #........##.# ####
.#..# #...#.#.## . .. #
.....##.......# #.####
#........#### .##.....
###......#######........
#.#..........#........
#............##.......

Notes
Turn   | Place    | Note
--------------------------------------------------------------
     0 | D:1      | ololoev the Hill Orc Fighter began the quest for the Orb.
     0 | D:1      | Reached XP level 1. HP: 19/19 MP: 1/1
   239 | D:2      | Reached XP level 2. HP: 26/26 MP: 2/2
   314 | D:3      | Reached skill level 4 in Axes
   314 | D:3      | Reached XP level 3. HP: 28/31 MP: 3/3
   472 | D:3      | Reached XP level 4. HP: 20/39 MP: 4/4
   474 | D:3      | Reached skill level 5 in Axes
   488 | D:3      | Found a deep blue altar of Sif Muna.
   494 | D:3      | Found a faded altar to an unknown god.
   510 | D:3      | Became a worshipper of Fedhas Madash
   510 | D:3      | Reached * piety under Fedhas
   513 | D:3      | Quit the game

Dungeon Overview and Level Annotations

Branches:
Dungeon (3/15)

Altars:
Fedhas
Sif Muna


Message History

Found a blue potion.
Found a faded altar to an unknown god.
A giant cockroach comes into view. 2 orcs come into view.
The orc shouts!
Found a scroll labeled KONUCA AB KYCK.
The giant cockroach barely misses you.
You see here 6 gold pieces.
You hit the giant cockroach.
The giant cockroach is heavily wounded.
The giant cockroach closely misses you. The giant cockroach barely misses you.
Unknown command.
You slash the giant cockroach!
You kill the giant cockroach!
The orc closely misses you.
Unknown command.
You barely miss the orc. You closely miss the orc.
The orc hits you but does no damage. x2
The orc suddenly curses.
The orc hits you but does no damage.
Unknown command.
You closely miss the orc. You slash the orc!
You kill the orc!
The orc hits you but does no damage.
Unknown command.
You barely miss the orc. The orc hits you but does no damage.
You slash the orc!
You kill the orc!
You now have 53 gold pieces (gained 6).
Things that are here:
a short sword; a leather armour; an orc corpse
There is a faded altar to an unknown god here.
This altar will convert you to a god.
You cannot discern which.
Do you pray? Fedhas accepts your prayer! Fedhas welcomes you!
The plants of the dungeon cease their hostilities.
You can now pray to speed up the decay of corpses.
You can now induce evolution.
d - a blue potion Are you sure you want to abandon this character and quit the game? (Confirm with "yes".)

There were no monsters in sight!

Vanquished Creatures
  An orc priest (D:3)
  3 adders (D:3)
  2 giant geckos (D:1)
  7 orcs (D:3)
  2 giant cockroaches (D:3)
  4 goblins (D:3)
  A hobgoblin (D:3)
  5 jackals
  2 kobolds
  A quokka (D:3)
  2 bats
  A rat (D:3)
31 creatures vanquished.

Action                   |  1- 3 |  4- 6 || total
-------------------------+-------+-------++-------
Melee: War axe           |    70 |    11 ||    81
  Use: Potion            |     2 |       ||     2

Vault maps used:
D:1:      dpeg_arrival_lava_altar
D:3:      nicolae_overflow_hidden_temple, ecumenical_altar_2, st_stairs_9
